Map: Buried Caverns

Players

Alebay - Winner!

  • Race: Protoss Protoss
  • Spawn Location: 9:00

PiPuxD - Winner!

  • Race: Protoss Protoss
  • League: Gold
  • Spawn Location: 7:00

MattBarry - Winner!

  • Race: Zerg Zerg
  • League: Gold
  • Spawn Location: 9:00

Timbo

  • Race: Protoss Protoss
  • Spawn Location: 5:00

sock

  • Race: Zerg Zerg
  • Spawn Location: 3:00

Scandal

  • Race: Protoss Protoss
  • League: Platinum
  • Spawn Location: 3:00

VOD

Have the link to the VOD?

Description

Time

  • Played on: Jan. 24, 2023, 3:01 a.m.
  • Length: 19:01
Show
View Real Time Build Order
Export as new Build Order

Alebay Protoss - Winner!

Build Orders: 1 Gate Expand 

Get SALT Encoding   

  12  0:00  Probe  
  13  0:12  Probe  
  14  0:19  Pylon  
  14  0:24  Probe  
  15  0:37  Probe  
  15  0:40  Gateway  
  16  0:45  Assimilator  
  16  0:49  Probe  
  17  1:01  Probe  
  18  1:13  Probe  
  19  1:25  Probe  
  20  1:34  Nexus  
  20  1:37  Probe  
  20  1:39  Assimilator  
  21  1:46  Cybernetics Core  
  21  1:50  Probe  
  22  1:58  Pylon  
  22  2:02  Probe  
  23  2:14  Warp Gate (Chrono Boost)  
  23  2:17  Forge  
  23  2:25  Adept  
  25  2:37  Probe  
  26  2:46  Probe  
  26  2:49  Pylon, Probe  
  26  2:50  Protoss Ground Weapons Level 1 (Chrono Boost)  
  28  3:00  Probe  
  28  3:01  Probe  
  30  3:06  Adept  
  30  3:12  Probe  
  33  3:13  Probe  
  34  3:24  Probe  
  34  3:25  Probe  
  36  3:36  Probe  
  36  3:37  Probe  
  36  3:38  Photon Cannon  
  38  3:48  Adept, Probe  
  41  3:49  Probe  
  41  3:52  Gateway  
  41  3:54  Pylon  
  42  3:59  Assimilator  
  42  4:00  Probe  
  42  4:01  Probe  
  44  4:03  Robotics Facility  
  44  4:12  Pylon  
  44  4:13  Probe  
  44  4:14  Probe  
  46  4:18  Adept  
  48  4:26  Probe  
  48  4:27  Probe  
  48  4:28  Protoss Ground Armor Level 1 (Chrono Boost)  
  48  4:29  Assimilator  
  50  4:33  Photon Cannon  
  50  4:43  Probe x2  
  52  4:46  Adept  
  54  4:54  Adept  
  54  4:59  Twilight Council  
  56  5:00  Gateway  
  56  5:02  Gateway  
  56  5:04  Immortal  
  60  5:11  Pylon  
  60  5:13  Pylon  
  60  5:15  Adept  
  60  5:16  Adept  
  64  5:37  Stalker x2  
  64  5:38  Blink  
  68  6:00  Probe  
  68  6:02  Stalker x2  
  68  6:03  Nexus  
  73  6:04  Pylon  
  73  6:05  Observer  
  73  6:06  Pylon  
  74  6:12  Protoss Ground Weapons Level 2 (Chrono Boost)  
  74  6:18  Forge, Pylon  
  74  6:23  Pylon  
  74  6:28  Probe x2  
  74  6:30  Stalker x2  
  80  6:52  Stalker x2  
  84  6:57  Probe  
  84  6:58  Probe  
  86  7:11  Immortal, Protoss Ground Armor Level 2 (Chrono Boost)  
  86  7:12  Stalker x2  
  94  7:27  Stalker x2  
  99  7:30  Probe x3  
  101  7:42  Probe  
  101  7:43  Probe x2  
  104  7:58  Stalker x3  
  104  8:00  Gateway  
  104  8:04  Gateway  
  104  8:05  Gateway  
  110  8:06  Pylon  
  110  8:08  Probe x3  
  110  8:10  Stalker  
  115  8:16  Immortal  
  119  8:23  Protoss Ground Weapons Level 3 (Chrono Boost), Probe x3  
  119  8:26  Assimilator  
  122  8:28  Assimilator  
  122  8:33  Photon Cannon  
  122  8:52  Probe x3  
  125  8:57  Stalker x3  
  125  8:58  Immortal  
  135  9:04  Probe x2  
  135  9:05  Stalker x2  
  141  9:13  Protoss Ground Armor Level 3 (Chrono Boost)  
  141  9:25  Charge  
  141  9:31  Pylon  
  141  9:33  Pylon  
  141  9:34  Pylon  
  141  9:36  Pylon  
  139  9:39  Pylon  
  139  9:40  Pylon  
  137  10:20  Stalker x2  
  137  10:21  Stalker x5  
  147  10:25  Probe  
  147  10:26  Probe  
  153  10:45  Gateway  
  153  10:47  Gateway  
  153  10:51  Gateway  
  153  11:07  Stalker x2  
  153  11:08  Stalker x5  
  159  11:21  Observer  
  77  11:44  Stalker x6  
  77  11:45  Stalker  
  91  11:54  Gateway  
  91  11:55  Gateway  
  91  11:57  Gateway  
  91  11:58  Gateway  
  91  12:02  Gateway  
  91  12:04  Stalker x3  
  93  12:20  Zealot  
  93  12:21  Zealot x6  
  107  12:33  Pylon  
  107  12:35  Robotics Facility  
  107  12:36  Robotics Facility  
  107  12:39  Robotics Bay  
  107  12:43  Stalker  
  107  12:44  Stalker x3  
  111  12:45  Stalker  
  117  12:52  Nexus  
  117  13:07  Protoss Shields Level 1  
  117  13:16  Zealot  
  117  13:17  Zealot x4  
  117  13:19  Zealot x4  
  135  13:20  Zealot x2  
  135  13:26  Pylon  
  139  13:27  Pylon  
  139  13:29  Pylon  
  139  13:49  Stalker  
  139  13:50  Stalker x3  
  139  13:51  Stalker x5  
  151  14:36  Stalker x3  
  151  14:37  Stalker x6  
  151  14:38  Stalker x3  
  94  15:19  Zealot x6  
  94  15:20  Zealot x4  
  94  15:21  Zealot  
  88  15:44  Probe x4  
  92  15:56  Probe x4  
  90  16:01  Zealot x5  
  90  16:02  Zealot x4  
  106  16:08  Probe x2  
  94  16:35  Zealot  
  94  16:36  Zealot x6  
  94  16:37  Zealot x2  
  94  16:41  Probe x2  
  94  16:42  Probe  
  97  16:56  Zealot x4  
  105  17:09  Assimilator  
  105  17:11  Assimilator  
  105  17:29  Observer  
  106  17:33  Stalker x2  
  106  17:34  Stalker x2, Nexus  
  106  17:35  Stalker  
  116  17:42  Stalker x2  
  94  18:02  Stalker x3  
  94  18:03  Stalker x3  
  92  18:17  Stalker x4  
  88  18:31  Stalker x4  
  96  18:40  Stalker x2  
  100  18:48  Stalker x2  
  100  18:50  Stalker  
Show
View Real Time Build Order
Export as new Build Order

PiPuxD Protoss - Winner!

Build Orders: 1 Gate Expand, Oracle Opening 

Get SALT Encoding   

  12  0:00  Probe  
  13  0:12  Probe  
  14  0:20  Pylon  
  14  0:24  Probe  
  15  0:38  Probe  
  15  0:40  Gateway  
  16  0:47  Assimilator  
  16  0:50  Probe  
  17  1:03  Probe  
  18  1:15  Probe  
  19  1:27  Probe  
  20  1:32  Nexus  
  20  1:41  Probe  
  21  1:54  Pylon, Probe  
  22  1:57  Cybernetics Core  
  22  2:06  Probe (Chrono Boost)  
  23  2:09  Assimilator  
  23  2:12  Zealot  
  25  2:18  Probe (Chrono Boost)  
  26  2:26  Pylon  
  26  2:27  Probe (Chrono Boost)  
  27  2:32  Warp Gate (Chrono Boost)  
  27  2:34  Probe  
  28  2:39  Adept  
  30  2:46  Probe  
  30  2:49  Probe  
  32  2:55  Stargate  
  32  2:59  Probe  
  32  3:01  Probe  
  34  3:09  Adept  
  36  3:14  Gateway  
  36  3:18  Probe x2  
  38  3:32  Probe x2  
  40  3:35  Oracle (Chrono Boost)  
  40  3:36  Assimilator  
  40  3:40  Assimilator  
  43  3:44  Pylon  
  43  3:45  Probe x2  
  45  3:57  Pylon, Probe x2  
  45  4:00  Pylon  
  47  4:06  Phoenix  
  49  4:11  Probe x2  
  49  4:14  Forge  
  51  4:23  Probe x2  
  53  4:49  Protoss Ground Weapons Level 1 (Chrono Boost)  
  53  4:55  Probe x2  
  53  4:58  Photon Cannon  
  55  5:02  Photon Cannon  
  55  5:04  Phoenix  
  57  5:07  Adept x2, Probe x2  
  57  5:11  Pylon  
  63  5:14  Protoss Air Weapons Level 1 (Chrono Boost)  
  63  5:19  Probe x2  
  65  5:22  Pylon  
  65  5:34  Probe x2  
  67  5:37  Phoenix (Chrono Boost)  
  67  5:41  Nexus  
  67  5:42  Pylon  
  69  6:06  Phoenix  
  69  6:07  Probe x2  
  70  6:15  Stargate  
  70  6:17  Stargate  
  70  6:19  Probe x2  
  70  6:25  Phoenix  
  72  6:29  Pylon  
  72  6:30  Adept, Pylon  
  72  6:31  Adept, Probe  
  79  6:53  Pylon  
  79  6:56  Pylon  
  79  7:07  Phoenix  
  79  7:08  Phoenix x2  
  85  7:10  Probe x2  
  85  7:13  Cybernetics Core  
  85  7:15  Fleet Beacon  
  87  7:17  Pylon  
  87  7:20  Probe  
  87  7:22  Probe x2  
  90  7:32  Probe  
  89  8:12  Phoenix x3  
  89  8:38  Phoenix x2  
  89  8:39  Phoenix  
  95  8:51  Protoss Air Armor Level 1 (Chrono Boost)  
  95  8:52  Assimilator  
  95  8:54  Protoss Air Weapons Level 2 (Chrono Boost)  
  95  8:56  Assimilator  
  95  9:03  Phoenix x3, Nexus  
  95  9:05  Pylon  
  95  9:07  Pylon  
  101  9:10  Pylon  
  101  9:28  Phoenix x3  
  101  9:30  Anion Pulse-Crystals (Chrono Boost)  
  107  9:41  Photon Cannon  
  107  9:43  Photon Cannon  
  107  9:45  Photon Cannon  
  107  9:47  Photon Cannon  
  107  9:53  Phoenix x3  
  101  10:18  Phoenix x3  
  105  10:29  Assimilator  
  105  10:35  Assimilator  
  105  10:43  Phoenix  
  107  10:54  Protoss Air Armor Level 2 (Chrono Boost)  
  101  11:04  Phoenix x2  
  95  11:49  Phoenix  
  95  11:50  Phoenix x2  
  87  12:17  Phoenix x2  
  87  12:18  Phoenix  
  93  12:42  Phoenix x3  
  99  12:47  Protoss Air Weapons Level 3 (Chrono Boost)  
  93  13:24  Phoenix x3  
  97  13:49  Phoenix x3  
  101  14:02  Protoss Air Armor Level 3 (Chrono Boost)  
  99  14:14  Phoenix x3  
  105  14:39  Phoenix x3  
  109  15:04  Phoenix x3  
  115  15:29  Phoenix x3  
  113  15:54  Phoenix x3  
  119  16:19  Phoenix  
  121  16:44  Phoenix x3  
  121  17:09  Robotics Facility  
  121  17:10  Robotics Facility  
  121  17:13  Twilight Council  
  121  17:15  Forge  
  121  17:17  Forge  
  94  18:34  Phoenix x3  
Show
View Real Time Build Order
Export as new Build Order

MattBarry Zerg - Winner!

Build Orders: Pool First 

Get SALT Encoding   

  12  0:00  Drone  
  13  0:11  Drone  
  14  0:18  Extractor  
  14  0:19  Drone  
  14  0:36  Spawning Pool  
  14  0:41  Drone  
  14  0:47  Overlord  
  14  1:06  Drone  
  14  1:09  Drone  
  16  1:27  Hatchery  
  15  1:35  Drone  
  15  1:38  Drone  
  17  1:51  Drone x2  
  17  1:53  Metabolic Boost  
  19  2:02  Queen  
  21  2:18  Drone  
  22  2:22  Extractor  
  22  2:23  Zergling x2  
  22  2:24  Zergling x2, Evolution Chamber  
  22  2:29  Overlord  
  23  3:02  Zerg Melee Weapons Level 1  
  23  3:09  Queen  
  25  3:15  Drone x7  
  25  3:16  Drone x2  
  32  3:54  Queen  
  34  3:56  Spore Crawler  
  34  3:57  Drone x3  
  34  4:02  Roach Warren  
  35  4:13  Zergling x2  
  35  4:14  Overlord  
  35  4:15  Overlord  
  36  4:25  Overlord  
  36  4:26  Overlord  
  36  4:32  Extractor  
  36  4:35  Extractor  
  36  4:37  Extractor  
  33  4:40  Lair  
  33  5:00  Roach x5  
  43  5:15  Drone x6  
  43  5:16  Drone  
  49  5:46  Spore Crawler  
  49  5:47  Spore Crawler  
  47  5:51  Spore Crawler  
  46  6:14  Hydralisk Den  
  46  6:17  Hydralisk Den  
  44  6:18  Infestation Pit  
  44  6:23  Evolution Chamber  
  44  6:24  Zerg Missile Weapons Level 1  
  42  6:27  Drone x2  
  42  6:28  Drone x5  
  40  7:01  Pneumatized Carapace  
  40  7:04  Hydralisk x4  
  40  7:05  Hydralisk  
  40  7:06  Overlord  
  50  7:09  Drone x4  
  50  7:11  Drone x2  
  50  7:12  Drone x4  
  60  7:31  Hatchery, Drone x7  
  66  7:46  Zergling x8  
  66  7:47  Zergling x2  
  71  8:04  Glial Reconstitution  
  71  8:06  Grooved Spines  
  71  8:07  Muscular Augments  
  71  8:33  Hydralisk x2  
  75  8:35  Overlord x3  
  75  8:37  Drone  
  76  8:57  Zerg Ground Armor Level 1  
  76  8:58  Zerg Missile Weapons Level 2  
  76  9:03  Hive  
  76  9:28  Ravager  
  76  9:29  Hatchery  
  76  9:30  Queen  
  78  9:32  Drone  
  78  9:33  Drone x16  
  78  9:35  Drone x2  
  78  9:36  Drone x2  
  99  10:12  Swarm Host, Hydralisk  
  99  10:13  Hydralisk  
  106  10:15  Overlord x3  
  106  10:24  Ultralisk Cavern  
  106  10:25  Pathogen Glands  
  105  10:37  Extractor  
  105  10:39  Extractor  
  103  10:50  Queen  
  105  10:59  Hydralisk  
  105  11:00  Hydralisk x11  
  127  11:25  Roach  
  118  11:26  Roach x9  
  118  11:31  Overseer  
  118  11:32  Overseer  
  120  11:39  Lair  
  112  11:43  Drone  
  112  11:44  Drone x11  
  100  12:23  Overseer x2  
  100  12:24  Overseer  
  100  12:27  Chitinous Plating  
  100  12:29  Ultralisk  
  106  12:30  Ultralisk  
  112  12:37  Extractor  
  112  12:39  Spore Crawler, Extractor  
  112  12:40  Spore Crawler  
  112  12:42  Zergling x2  
  112  12:43  Zergling x22, Overlord  
  112  12:44  Overlord x4  
  118  13:11  Ultralisk x3  
  136  13:23  Roach x12  
  159  13:46  Anabolic Synthesis  
  157  13:49  Overlord  
  157  13:50  Overlord x2  
  157  13:54  Overlord x3  
  134  14:41  Ultralisk  
  134  14:42  Ultralisk x5  
  134  14:45  Zergling x12  
  168  14:46  Zergling x16  
  175  15:06  Roach x8  
  184  15:13  Overseer x3  
  184  15:14  Overseer x2  
  154  15:31  Zergling x2  
  154  15:32  Zergling x10  
  154  15:37  Drone  
  154  15:41  Drone  
  154  15:42  Drone x14  
  156  15:43  Drone x3  
  156  15:45  Roach  
  156  15:46  Roach x7  
  169  15:56  Ultralisk x2  
  181  16:12  Overlord  
  181  16:13  Overlord x2  
  175  16:25  Overlord x2  
  175  16:26  Overlord x2  
  165  16:50  Infestor  
  165  16:51  Infestor x3  
  127  16:56  Roach  
  127  16:57  Roach x7  
  131  17:10  Overlord  
  131  17:12  Hydralisk  
  131  17:15  Infestor x3  
  127  17:42  Roach  
  127  17:43  Roach x16  
  139  17:59  Roach x5  
  139  18:00  Roach x7  
  159  18:06  Roach x4  
  163  18:15  Roach x2  
  163  18:16  Roach  
  149  18:32  Roach  
  149  18:33  Roach x6  
  159  18:58  Hatchery  
Show
View Real Time Build Order
Export as new Build Order

Timbo Protoss 

Build Orders: 1 Gate Expand 

Get SALT Encoding   

  12  0:02  Probe (Chrono Boost)  
  13  0:13  Probe (Chrono Boost)  
  14  0:17  Probe (Chrono Boost)  
  15  0:25  Pylon  
  15  0:43  Probe  
  15  0:47  Gateway  
  16  0:56  Probe  
  17  1:15  Nexus  
  17  1:34  Cybernetics Core  
  17  1:40  Assimilator  
  17  1:48  Probe  
  17  1:51  Forge  
  18  1:55  Pylon  
  18  2:04  Probe  
  19  2:09  Assimilator  
  19  2:16  Probe  
  20  2:24  Assimilator  
  20  2:28  Assimilator  
  20  2:32  Photon Cannon  
  20  2:36  Probe (Chrono Boost)  
  23  2:44  Probe (Chrono Boost)  
  23  2:45  Probe (Chrono Boost)  
  23  2:56  Probe (Chrono Boost)  
  24  3:02  Stargate  
  24  3:12  Probe (Chrono Boost)  
  25  3:17  Photon Cannon  
  25  3:18  Probe  
  26  3:27  Stargate  
  26  3:31  Probe  
  27  3:43  Probe  
  32  3:55  Probe (Chrono Boost)  
  32  3:59  Void Ray  
  33  4:08  Probe (Chrono Boost)  
  34  4:15  Probe (Chrono Boost)  
  39  4:22  Void Ray, Probe  
  40  4:25  Pylon  
  36  4:34  Probe  
  30  4:59  Photon Cannon  
  30  5:01  Probe (Chrono Boost)  
  32  5:09  Probe (Chrono Boost)  
  32  5:13  Probe (Chrono Boost)  
  37  5:16  Void Ray (Chrono Boost)  
  38  5:21  Probe (Chrono Boost)  
  38  5:27  Probe  
  40  5:35  Probe  
  40  5:36  Fleet Beacon  
  40  5:40  Probe  
  41  5:52  Stargate, Probe  
  41  6:04  Probe  
  37  6:16  Probe (Chrono Boost)  
  38  6:19  Phoenix  
  38  6:20  Phoenix  
  42  6:26  Flux Vanes  
  42  6:28  Probe (Chrono Boost)  
  42  6:32  Probe (Chrono Boost)  
  44  6:37  Probe (Chrono Boost)  
  46  6:40  Probe (Chrono Boost)  
  46  6:45  Probe (Chrono Boost)  
  47  6:54  Probe  
  47  7:00  Void Ray (Chrono Boost)  
  52  7:06  Probe  
  53  7:12  Probe  
  54  7:27  Pylon  
  54  7:30  Pylon  
  54  7:44  Phoenix  
  54  7:45  Probe x2 (Chrono Boost)  
  54  7:50  Stargate, Void Ray  
  62  7:53  Anion Pulse-Crystals  
  62  7:57  Probe (Chrono Boost)  
  64  8:03  Probe (Chrono Boost)  
  65  8:05  Probe (Chrono Boost)  
  65  8:11  Probe  
  59  8:14  Phoenix  
  59  8:15  Phoenix  
  54  8:23  Probe  
  55  8:30  Phoenix  
  57  8:35  Phoenix, Probe  
  61  8:51  Probe (Chrono Boost)  
  61  8:55  Phoenix  
  64  9:03  Probe (Chrono Boost), Pylon, Nexus  
  64  9:04  Pylon  
  64  9:05  Phoenix  
  66  9:15  Phoenix  
  68  9:19  Protoss Air Weapons Level 1 (Chrono Boost)  
  69  9:24  Stargate  
  68  9:32  Photon Cannon  
  68  9:35  Photon Cannon  
  68  9:40  Phoenix  
  68  9:44  Phoenix  
  72  9:50  Phoenix  
  74  10:17  Phoenix x3  
  80  10:25  Probe (Chrono Boost)  
  81  10:29  Assimilator  
  81  10:30  Assimilator  
  81  10:34  Photon Cannon  
  81  10:35  Probe (Chrono Boost)  
  82  10:36  Shield Battery  
  82  10:39  Phoenix  
  82  10:40  Probe (Chrono Boost)  
  85  10:52  Probe  
  51  11:04  Phoenix x4, Probe  
  59  11:16  Probe  
  59  11:17  Phoenix  
  62  11:29  Phoenix  
  62  11:31  Phoenix  
  66  11:32  Phoenix  
  60  11:48  Phoenix x2  
  60  11:51  Probe (Chrono Boost)  
  65  11:58  Stargate  
  65  12:00  Probe (Chrono Boost)  
  66  12:04  Stargate  
  66  12:05  Probe (Chrono Boost)  
  65  12:17  Probe (Chrono Boost)  
  65  12:22  Phoenix x3  
  72  12:29  Probe (Chrono Boost)  
  73  12:34  Phoenix  
  73  12:35  Phoenix, Probe (Chrono Boost)  
  78  12:43  Probe  
  79  12:48  Phoenix  
  81  12:52  Protoss Air Armor Level 1 (Chrono Boost)  
  54  13:16  Phoenix x3  
  54  13:17  Phoenix  
  32  14:01  Phoenix x4  
  32  14:02  Phoenix  
  18  14:20  Phoenix  
    16:03  Phoenix  
Show
View Real Time Build Order
Export as new Build Order

sock Zerg 

Build Orders: Pool First, Lurkers 

Get SALT Encoding   

  12  0:02  Drone  
  13  0:20  Overlord  
  13  0:27  Drone  
  14  0:41  Spawning Pool  
  14  0:42  Extractor, Drone  
  13  0:45  Drone  
  14  0:51  Drone  
  15  1:07  Drone x2  
  17  1:28  Hatchery  
  16  1:34  Overlord  
  16  1:38  Drone  
  17  1:42  Drone  
  18  1:50  Metabolic Boost  
  18  1:54  Drone  
  19  2:06  Queen  
  21  2:20  Zergling x2  
  21  2:21  Zergling x4  
  24  2:42  Drone x2  
  24  2:43  Queen  
  28  2:48  Lair  
  28  2:59  Baneling Nest, Drone x2  
  28  3:00  Drone  
  30  3:22  Drone x6  
  30  3:24  Overlord  
  36  3:37  Overlord  
  36  3:45  Zergling x8  
  40  3:53  Centrifugal Hooks  
  40  3:59  Drone x5  
  45  4:23  Drone x7  
  52  4:24  Extractor  
  51  4:35  Spore Crawler  
  51  4:36  Spore Crawler  
  49  4:47  Hydralisk Den  
  48  4:55  Hatchery, Drone x2  
  48  4:56  Drone  
  50  5:00  Extractor  
  50  5:01  Extractor  
  48  5:13  Nydus Network  
  47  5:20  Drone  
  47  5:21  Drone x2  
  50  5:35  Baneling x6  
  50  5:46  Zergling x4  
  50  5:47  Overlord x3  
  52  6:02  Overlord x4  
  52  6:04  Grooved Spines  
  52  6:17  Nydus Canal  
  52  6:21  Drone x9  
  52  6:23  Queen  
  63  6:26  Hydralisk  
  63  6:27  Hydralisk  
  60  6:59  Drone x9  
  60  7:00  Spore Crawler x2, Hydralisk  
  60  7:01  Hydralisk x2  
  73  7:09  Infestation Pit  
  73  7:10  Evolution Chamber  
  73  7:13  Hydralisk x4  
  73  7:14  Hydralisk  
  81  7:16  Muscular Augments, Lurker Den  
  81  7:18  Extractor  
  81  7:20  Extractor  
  78  7:29  Drone x3  
  81  7:38  Hydralisk x3  
  87  7:46  Zerg Missile Weapons Level 1  
  87  7:54  Hydralisk x5  
  87  7:55  Evolution Chamber  
  87  7:56  Zergling x2  
  87  7:57  Zergling x2  
  98  8:10  Hydralisk x4  
  106  8:15  Overlord x2  
  106  8:26  Overlord x2  
  106  8:27  Overlord  
  106  8:37  Hydralisk  
  106  8:38  Hydralisk x3  
  114  8:44  Hive  
  114  9:00  Lurker  
  114  9:01  Lurker  
  114  9:02  Lurker x3  
  119  9:06  Hatchery  
  118  9:10  Spore Crawler, Drone  
  118  9:11  Drone x2  
  118  9:12  Drone  
  118  9:13  Drone  
  118  9:16  Drone  
  123  9:18  Hydralisk  
  123  9:21  Drone  
  123  9:22  Drone  
  123  9:23  Drone  
  128  9:25  Drone  
  128  9:26  Drone  
  128  9:29  Drone  
  128  9:30  Drone  
  132  9:31  Drone  
  132  9:34  Drone  
  134  9:41  Zerg Ground Armor Level 1  
  134  9:43  Zerg Missile Weapons Level 2  
  134  9:59  Hydralisk  
  134  10:01  Hydralisk  
  134  10:02  Hydralisk x4  
  146  10:16  Spore Crawler  
  145  10:26  Drone x7  
  152  10:33  Overlord x3  
  152  10:38  Adaptive Talons  
  152  10:47  Overlord x2  
  152  10:49  Overlord x3  
  152  10:51  Queen  
  154  11:01  Hydralisk  
  154  11:02  Hydralisk x5  
  166  11:05  Lurker x4  
  166  11:22  Hydralisk  
  166  11:23  Hydralisk x7  
  158  11:26  Queen  
  158  11:30  Hydralisk  
  158  11:31  Hydralisk  
  158  11:32  Hydralisk x2  
  158  11:33  Hydralisk  
  158  11:35  Seismic Spines  
  158  11:36  Hydralisk  
  158  11:39  Lurker  
  157  11:53  Lurker x3  
  157  11:54  Lurker x2  
  156  12:19  Hydralisk x8  
  156  12:21  Hydralisk  
  174  12:23  Zergling x8  
  178  12:31  Extractor  
  178  12:33  Extractor  
  176  12:37  Ultralisk Cavern  
  176  12:39  Hydralisk x2  
  173  13:08  Lurker x4  
  173  13:09  Hydralisk  
  173  13:11  Hydralisk  
  173  13:12  Overlord x2  
  181  13:13  Overlord x4  
  181  13:16  Hydralisk, Drone  
  184  13:25  Overlord x3  
  184  13:36  Pneumatized Carapace  
  184  13:37  Chitinous Plating  
  184  13:56  Nydus Canal  
  182  14:15  Hydralisk  
  166  14:19  Hydralisk  
  164  14:45  Hydralisk x4  
  164  14:46  Hydralisk x14  
  200  14:55  Anabolic Synthesis  
  195  15:06  Hydralisk x3  
  180  15:44  Hydralisk x12  
  163  16:05  Hydralisk x2  
  163  16:06  Viper, Ultralisk  
  163  16:07  Ultralisk  
  143  16:56  Hydralisk x2  
  143  16:57  Hydralisk x7  
  143  16:59  Overlord x2  
  161  17:08  Lurker  
  161  17:10  Overlord x3  
  156  17:23  Hydralisk  
  156  17:24  Hydralisk x2  
  156  17:28  Lurker  
  163  17:43  Lurker x5  
  163  17:44  Hydralisk  
  165  18:05  Hydralisk x11  
  137  18:13  Hydralisk  
  107  18:28  Hydralisk x4  
  115  18:37  Hydralisk  
Show
View Real Time Build Order
Export as new Build Order

Scandal Protoss 

Build Orders:  

Get SALT Encoding   

  12  0:00  Probe  
  13  0:12  Probe  
  14  0:22  Pylon  
  14  0:24  Probe  
  15  0:40  Probe  
  15  0:42  Gateway  
  16  0:49  Assimilator  
  16  0:52  Probe  
  17  1:04  Probe  
  18  1:16  Probe  
  19  1:23  Gateway  
  19  1:28  Probe  
  20  1:40  Probe  
  20  1:47  Cybernetics Core  
  20  1:52  Probe  
  21  1:58  Nexus  
  21  2:09  Forge  
  21  2:14  Assimilator  
  21  2:18  Pylon  
  21  2:21  Zealot  
  23  2:31  Warp Gate  
  23  2:36  Adept  
  26  2:37  Probe  
  26  2:49  Probe  
  27  2:52  Photon Cannon  
  27  2:59  Pylon  
  27  3:01  Probe  
  27  3:04  Adept  
  30  3:14  Shield Battery  
  30  3:16  Probe  
  31  3:22  Probe  
  32  3:47  Probe (Chrono Boost)  
  33  3:51  Robotics Facility  
  33  3:54  Pylon  
  34  3:59  Sentry (Chrono Boost), Protoss Ground Armor Level 1 (Chrono Boost), Probe (Chrono Boost)  
  36  4:05  Probe (Chrono Boost)  
  37  4:13  Pylon  
  37  4:14  Probe  
  37  4:16  Photon Cannon  
  38  4:22  Shield Battery, Probe  
  39  4:24  Assimilator  
  39  4:32  Shield Battery  
  39  4:41  Photon Cannon  
  39  4:43  Assimilator  
  39  4:44  Probe  
  41  4:45  Probe  
  41  4:54  Warp Prism (Chrono Boost)  
  43  5:02  Twilight Council  
  43  5:04  Gateway  
  43  5:06  Probe  
  44  5:07  Gateway  
  44  5:10  Stalker  
  46  5:24  Probe  
  46  5:25  Pylon  
  47  5:35  Robotics Bay  
  47  5:44  Protoss Ground Weapons Level 1  
  47  5:47  Charge (Chrono Boost)  
  47  5:50  Nexus  
  47  5:51  Probe  
  47  5:52  Pylon  
  48  5:58  Probe  
  48  6:00  Stalker  
  48  6:04  Probe  
  52  6:10  Probe  
  53  6:16  Probe  
  54  6:19  Disruptor (Chrono Boost)  
  57  6:26  Gravitic Drive  
  57  6:27  Probe  
  57  6:28  Probe  
  59  6:33  Gateway  
  59  6:35  Gateway  
  59  6:39  Probe  
  60  6:44  Probe  
  61  6:56  Stalker x2  
  61  7:00  Photon Cannon  
  65  7:03  Photon Cannon  
  65  7:05  Photon Cannon  
  65  7:06  Probe  
  66  7:28  Zealot  
  66  7:29  Zealot x4  
  76  7:42  Probe  
  76  7:43  Probe  
  78  7:46  Probe  
  78  7:49  Photon Cannon  
  75  7:51  Shield Battery  
  75  7:53  Assimilator  
  75  7:55  Probe x2  
  75  7:58  Probe  
  72  8:07  Probe x2  
  72  8:10  Probe  
  75  8:16  Pylon  
  75  8:18  Photon Cannon  
  75  8:19  Probe x2  
  77  8:22  Probe  
  77  8:23  Pylon  
  77  8:24  Protoss Ground Armor Level 2 (Chrono Boost)  
  78  8:31  Stalker x3, Probe  
  85  8:38  Pylon  
  85  8:41  Photon Cannon  
  85  8:42  Probe  
  85  8:44  Protoss Air Armor Level 1 (Chrono Boost), Shield Battery  
  86  8:51  Nexus  
  86  8:53  Pylon  
  86  8:57  Assimilator  
  86  8:58  Probe (Chrono Boost)  
  89  9:03  Probe x2 (Chrono Boost)  
  89  9:05  Assimilator  
  89  9:07  Photon Cannon  
  89  9:10  Shield Battery  
  89  9:12  Probe (Chrono Boost)  
  89  9:13  Probe (Chrono Boost)  
  89  9:15  Stalker  
  93  9:20  Probe  
  93  9:22  Probe  
  95  9:40  Zealot  
  95  9:41  Zealot x5  
  92  10:02  Colossus (Chrono Boost)  
  92  10:03  Gateway  
  92  10:05  Gateway  
  96  10:08  Gateway  
  96  10:10  Stalker  
  98  10:21  Photon Cannon  
  98  10:24  Photon Cannon  
  98  10:25  Shield Battery  
  98  10:27  Pylon  
  98  10:31  Photon Cannon  
  98  10:34  Shield Battery  
  98  10:35  Photon Cannon, Zealot x4, Pylon  
  106  10:43  Protoss Shields Level 1 (Chrono Boost)  
  106  10:45  Templar Archives  
  106  10:53  Extended Thermal Lance (Chrono Boost)  
  106  11:04  Zealot  
  108  11:06  Zealot x2  
  108  11:07  Colossus  
  114  11:22  Zealot x4  
  96  11:33  Stalker x3  
  96  11:34  High Templar, Stalker  
  98  11:44  High Templar x3  
  98  11:45  High Templar  
  104  11:51  Archon x2  
  104  11:56  Probe x2  
  104  11:58  Probe x2  
  104  11:59  Colossus (Chrono Boost)  
  108  12:18  High Templar x4  
  108  12:20  Psionic Storm  
  116  12:24  Zealot x3  
  122  12:37  Forge, Stalker x2  
  122  12:39  Gateway  
  122  12:42  Probe  
  127  12:46  Assimilator  
  127  12:47  Stalker x3  
  127  12:49  Blink (Chrono Boost)  
  133  12:54  Gravitic Boosters  
  133  13:00  Photon Cannon  
  133  13:01  Shield Battery  
  127  13:10  High Templar x4  
  135  13:13  Zealot x2  
  135  13:15  Archon x2  
  139  13:25  Pylon  
  139  13:28  Photon Cannon  
  139  13:37  Shield Battery  
  139  13:39  High Templar  
  139  13:40  High Templar, Shield Battery  
  139  13:41  Zealot x4  
  139  14:19  Stalker  
  139  14:20  Stalker x3  
  139  14:21  Zealot x4  
  139  14:22  Zealot x2  
  55  14:52  Zealot  
  55  14:53  Zealot x6, Protoss Ground Armor Level 3 (Chrono Boost)  
  55  14:54  Zealot x3  
  65  15:07  Colossus  
  64  15:15  Zealot x2  
  64  15:16  Zealot x6  
  64  15:17  Zealot x2  
  67  15:37  High Templar x4  
  67  15:38  High Templar x4  
  83  15:43  Archon  
  83  15:44  Archon x2  
  83  15:45  Archon  
  67  16:01  Immortal, Zealot x2  
  75  16:09  Probe x3  
  76  16:21  Probe x3  
  77  16:26  Zealot  
  77  16:27  Zealot  
  77  16:33  Probe  
  77  16:36  Zealot x2  
  77  16:37  Zealot x5  
  77  16:38  Zealot  
  94  16:49  Colossus  
  94  17:02  Stalker x2  
  94  17:03  Stalker x2  
  94  17:04  High Templar x2  
  94  17:05  High Templar x4  
  110  17:27  Stalker x4  
  118  17:43  Warp Prism  
  90  18:23  Archon  
Tags
 
Add a new tag
Caveats
  • Supply blocks, unpowered buildings, or Contaminate may cause inaccurate times.
  • Supply counts are checked every 10 seconds.